AoeStats
← AloneArcher

Arena

508530277Analyzed
1v1 RM · 11d ago on Sep 22, 2026· 53m 19s· 2 players
Game mode
Random Map
Map size
Tiny (2 player)
Population
200
Speed
Normal
Resources
Standard
Victory
Conquest
Starting age
Dark Age
Ending age
Imperial Age
RankedLock teamsTeams togetherTeam positionsShared explorationLock speedFull tech treeHidden civsTurbo modeCheats
Victory
Defeat
🇹🇷 Turks · Türkiye
690
+16
🇨🇴 Bengalis · Colombia
693
-16
AloneArcher
12:07 Feudal Age
13:29 Double-Bit Axe
16:56 Castle Age
16:27 Man-at-Arms
17:22 Horse Collar
21:43 Bow Saw
23:35 Heavy Plow
23:31 Gold Mining
23:50 Stone Mining
29:06 Imperial Age
28:49 Gold Shaft Mining
30:47 Wheelbarrow
33:35 Two-Man Saw
33:57 Hand Cart
33:28 Town Watch
33:30 Loom
36:01 Heavy Camel Rider
38:01 Scale Barding Armor
37:56 Padded Archer Armor
37:47 Fletching
38:08 Forging
37:58 Scale Mail Armor
39:05 Conscription
40:33 Elite Janissary
46:23 Heavy Scorpion
47:53 Bombard Tower
48:08 Chain Barding Armor
48:03 Leather Archer Armor
47:43 Bodkin Arrow
48:24 Iron Casting
Cruzetinho
11:10 Feudal Age
17:26 Castle Age
15:30 Loom
15:33 Town Watch
15:44 Double-Bit Axe
16:08 Horse Collar
18:16 Bow Saw
18:52 Stone Mining
22:18 Wheelbarrow
28:39 Hand Cart
33:32 Imperial Age
31:44 Husbandry
31:55 Bloodlines
32:18 Scale Barding Armor
32:56 Town Patrol
34:22 Redemption
35:15 Elite Battle Elephant
36:35 Block Printing
37:29 Theocracy
38:40 Fletching
39:11 Chain Barding Armor
38:52 Padded Archer Armor
41:02 Illumination
41:31 Ballistics
42:42 Bodkin Arrow
43:02 Leather Archer Armor
43:28 Plate Barding Armor
42:55 Bodkin Arrow
43:31 Conscription
44:25 Chemistry
44:03 Siege Elephant
47:01 Mahayana
46:47 Paiks
49:50 Elite Ratha (Ranged)
52:22 Bracer
52:39 Leather Archer Armor
51:49 Elite Ratha (Ranged)
Connection lost

Rejoining the realm…

Still unreachable

The connection could not be restored.

Session expired

The server has moved on; the page needs a fresh start.